 Dungeon Crawl Stone Soup version 0.30-a0-3-gc9032a9cac (webtiles) character file.

Game seed: 2846555546285346593

9 Jardren the Sneak (level 2, 0/13 HPs)
             Began as a Spriggan Enchanter on Aug 20, 2022.
             Slain by a kobold
             ... wielding a +0 whip
              (3 damage)
             ... on level 1 of the Dungeon.
             The game lasted 00:00:37 (262 turns).

Jardren the Sneak (Spriggan Enchanter)               Turns: 262, Time: 00:00:37

Health: 0/13       AC:  2    Str:  4    XL:     2   Next: 6%
Magic:  7/7        EV: 17    Int: 16    God:
Gold:   0          SH:  0    Dex: 15    Spells: 7/7 levels left

rFire   . . .      SeeInvis +    a - +1 dagger
rCold   . . .      Faith    .    (no shield)
rNeg    . . .      Spirit   .    b - +0 robe
rPois   .          Reflect  .    (helmet restricted)
rElec   .          Harm     .    (no cloak)
rCorr   .          Rampage  .    (gloves unavailable)
Will    .....                    (boots unavailable)
Stlth   +++.......               (no amulet)
HPRegen 0.04/turn                (no ring)
MPRegen 0.10/turn                (no ring)

@: very quick
A: very small, no large weapons, unfitting armour, see invisible, speed 3
a: no special abilities


You were on level 1 of the Dungeon.
You visited 1 branch of the dungeon, and saw 1 of its levels.

Inventory:

Hand Weapons
 a - a +1 dagger (weapon)
Armour
 b - a +0 robe (worn)
Potions
 c - a potion of invisibility


   Skills:
 - Level 1.1 Short Blades
 - Level 2.6 Dodging
 - Level 4.4 Stealth
 + Level 3.2 Spellcasting
 + Level 4.0 Hexes


You had 7 spell levels left.
You didn't know any spells.
Your spell library contained the following spells:

 Spells                   Type           Power      Damage    Failure   Level
 Confusing Touch          Hex            15%        N/A       11%         3
 Tukima's Dance           Hex            15%        N/A       11%         3
 Ensorcelled Hibernation  Hex/Ice        18%        N/A       12%         2
 Dazzling Flash           Conj/Hex       18%        N/A       24%         3


Dungeon Overview and Level Annotations

Branches:
Dungeon (1/15)

Altars:


Innate Abilities, Weirdness & Mutations

You are very small and have problems with some larger weapons.
You are too small for most types of armour.
You have supernaturally acute eyesight. (SInv)
You cover ground extremely quickly. (Speed+++)


Message History

You have reached level 2!
You barely miss the kobold. The kobold misses you.
You barely miss the kobold. The kobold hits you with a +0 whip.
You barely miss the kobold. The kobold barely misses you.
The kobold closely misses you. The kobold hits you with a +0 whip.
You see here a scroll labelled HIELLO IRUUTU.
Found 14 gold pieces.
You fade into invisibility!
You closely miss the kobold.
You strike the helpless kobold from behind!
You puncture the kobold!
You kill the kobold!
The kobold misses you.
You see here a +2 short sword of venom.
You see here a +2 short sword of venom.
You are too injured to fight recklessly!
You are too injured to fight recklessly!
You are too injured to fight recklessly!
The kobold hits you with a +0 whip.
* * * LOW HITPOINT WARNING * * *
Found a scroll labelled USSURPH KOCUNOUX.
You hit the kobold but do no damage. The kobold barely misses you.
You hit the kobold but do no damage.
You flicker for a moment.
The kobold completely misses you.
You closely miss the kobold.
Found 13 gold pieces.
The kobold shouts!
You hit the kobold but do no damage.
A quokka comes into view.
The kobold closely misses you.
You hit the kobold.
The kobold is moderately wounded.
The kobold completely misses you.
You hit the kobold.
The kobold is severely wounded.
You flicker back into view.
The kobold hits you with a +0 whip.
You die...

.# .###..?......# ?#.
...............##.... #
.................######
.....######....###8#8#8
.......####....###.....
##.......).....#.†.###.
##.####.#####..÷#.....
###.......÷.#8#8#8
#@.......##.######
......K$............ #
......r...♣♣♣.♣###..#
$........♣♣ .P♣ .##
........#♣ .♣♣♣ .#
......... P. ..
.......## ......?


You could see a quokka and a kobold.

Vanquished Creatures
  A bat (D:1)
  2 hobgoblins (D:1)
  3 jackals (D:1)
  A kobold (D:1)
  A rat (D:1)
8 creatures vanquished.

Notes
Turn   | Place    | Note
-------+----------+-------------------------------------------
     0 | D:1      | Jardren the Spriggan Enchanter began the quest for the Orb.
     0 | D:1      | Reached XP level 1. HP: 9/9 MP: 5/5
   224 | D:1      | Reached XP level 2. HP: 9/13 MP: 7/7
   262 | D:1      | Slain by a kobold

Illustrated notes

Levels and vault maps discovered:
D:1:      heliophobic_arrival_ceremonial_halls, layout_rooms, serial_forest,
          infiniplex_forest_straight_5, infiniplex_forest_straight_3,
          infiniplex_forest_zigzag_1, infiniplex_forest_corner_1,
          infiniplex_forest_zigzag_2

Skill      XL: |  1 |
---------------+----+-----
Spellcasting   | 3 |  3.2
Hexes          | 4 |  4.0
Short Blades   | |  1.1
Dodging        | |  2.6
Stealth        | |  4.4

Action                   || total
-------------------------++-------
Melee: Dagger            ||    41
       Punch             ||     1
  Use: Potion            ||     1
 Stab: Sleeping          ||     3
       Invisible         ||     1
Armor: Robe              ||     4
Dodge: Dodged            ||    37

Table legend: (Time is in decaauts)
 A = Elapsed time spent in this place.
 B = Non-inter-level travel time spent in this place.
 C = Inter-level travel time spent in this place.
 D = Time resting spent in this place.
 E = Time spent auto-exploring this place.
 F = Levels seen in this place.
 G = Mean time per level.
                   A        B        C        D        E       F      G
               +--------+--------+--------+--------+--------+-----+--------+
         Total |    238 |    238 |      0 |      0 |    170 |   1 |  238.0 |
       Dungeon |    238 |    238 |      0 |      0 |    170 |   1 |  238.0 |
               +--------+--------+--------+--------+--------+-----+--------+

Top non-repeatable levels by time:
     D:1: 238 daAuts
